 Dungeon Crawl Stone Soup version 0.30.0-10-gfe55d96785 (webtiles) character file.

Game seed: 15617368310242567220

2661 joshe the Thaumaturge (level 9, 0/40 HPs)
             Began as a Deep Elf Conjurer on May 13, 2023.
             Was a Believer of Hepliaklqana.
             Slain by a sky beast (3 damage)
             ... on level 7 of the Dungeon.
             The game lasted 00:47:47 (9044 turns).

joshe the Thaumaturge (Deep Elf Conjurer)           Turns: 9044, Time: 00:47:48

Health: 0/40       AC:  8    Str:  4    XL:     9   Next: 36%
Magic:  25/25      EV: 14    Int: 30    God:    Hepliaklqana [**....]
Gold:   119        SH:  0    Dex: 23    Spells: 17/28 levels left

rFire   . . .        m - staff of conjuration
rCold   . . .        (no shield)
rNeg    . . .        u - +3 leather armour
rPois   .            (no helmet)
rElec   .            v - +0 cloak
rCorr   .            (no gloves)
SInv    .            n - +0 pair of boots
Will    .....        (no amulet)
Stlth   ++           i - +6 ring of dexterity
HPRegen 0.26/turn    j - +6 ring of intelligence
MPRegen 0.19/turn

%: no passive effects
@: no status effects
A: reduced essence
a: Renounce Religion, Recall Ancestor, Ancestor Identity


You were on level 7 of the Dungeon.
You worshipped Hepliaklqana.
Hepliaklqana was pleased with you.
You visited 1 branch of the dungeon, and saw 7 of its levels.

You collected 328 gold pieces.
You spent 209 gold pieces at shops.

Inventory:

Missiles
 l - a throwing net
Armour
 n - a +0 pair of boots (worn)
 u - a +3 leather armour (worn)
 v - a +0 cloak (worn)
Magical Staves
 m - a staff of conjuration (weapon)
Jewellery
 i - a +6 ring of dexterity (left hand)
 j - a +6 ring of intelligence (right hand)
Wands
 p - a wand of light (1)
 q - a wand of digging (3)
Scrolls
 a - a scroll of poison
 f - 7 scrolls of identify
 g - a scroll of enchant armour
 k - 3 scrolls of teleportation
 r - a scroll of fog
 w - a scroll of noise {unknown}
Potions
 b - a potion of magic
 c - 3 potions of heal wounds
 d - a potion of haste
 e - 4 potions of lignification
 h - 3 potions of curing
 o - 3 potions of brilliance
 s - a potion of might
 t - a potion of cancellation


   Skills:
 - Level 3.0 Armour
 + Level 5.4 Dodging
 - Level 2.4 Stealth
 - Level 10.0 Spellcasting
 - Level 6.0 Conjurations
 + Level 8.3 Hexes
 - Level 3.0 Translocations
 + Level 3.5 Invocations
 + Level 1.6 Evocations


You had 17 spell levels left.
You knew the following spells:

 Your Spells              Type           Power      Damage    Failure   Level
a - Magic Dart            Conj           100%       1d8       1%          1
b - Searing Ray           Conj           100%       2d8       1%          2
c - Fulminant Prism       Conj/Hex       36%        3d17      3%          4
d - Iskenderun's Mystic   Conj/Tloc      58%        2d12      10%         4

Your spell library contained the following spells:

 Spells                   Type           Power      Damage    Failure   Level
 Dazzling Flash           Conj/Hex       100%       N/A       1%          3
 Inner Flame              Hex/Fire       40%        N/A       3%          3
 Volatile Blastmotes      Fire/Tloc      48%        2d14      10%         3
 Flame Wave               Conj/Fire      49%        2d12      17%         4
 Sticky Flame             Conj/Fire      49%        2d7       17%         4
 Alistair's Intoxication  Tmut/Pois      10%        N/A       86%         5
 Borgnjor's Vile Clutch   Necr/Erth      7%         N/A       86%         5
 Lee's Rapid Deconstruct  Erth           7%         3d7*      86%         5
 Eringya's Noxious Bog    Tmut/Pois      7%         N/A       100%        6


Dungeon Overview and Level Annotations

Branches:
Dungeon (7/15)             Temple (0/1) D:5

Altars:
Fedhas
Gozag
Hepliaklqana
Nemelex Xobeh
Vehumet
Zin

Shops:
D:1 !


Message History

You see here a +0 whip.
You swap places.
Things that are here:
a +0 mace; a boomerang You swap places.
The sky beast flickers out of sight!
Deactivating autopickup; reactivate with Ctrl-A.
Something hits you but does no damage.
You barely miss something. Something hits you but does no damage.
You miss something. Something barely misses you.
You miss something. Something hits you. Something shocks you.
You closely miss something. Something hits you. Something shocks you.
You miss something. Something hits you but does no damage.
A sky beast appears from thin air!
Reactivating autopickup.
The sky beast hits you. The sky beast shocks you.
* * * LOW HITPOINT WARNING * * *
You hit the sky beast.
The sky beast is lightly wounded.
The sky beast barely misses you.
You closely miss the sky beast.
The sky beast is lightly wounded.
The sky beast flickers out of sight!
Deactivating autopickup; reactivate with Ctrl-A.
Something hits you but does no damage.
You closely miss something. Something hits you.
* * * LOW HITPOINT WARNING * * *
Something shocks you.
* * * LOW HITPOINT WARNING * * *
You hit something but do no damage.
A sky beast appears from thin air!
Reactivating autopickup.
The sky beast barely misses you.
You barely miss the sky beast.
The sky beast is lightly wounded.
The sky beast barely misses you.
The sky beast hits you but does no damage.
You hit the sky beast.
The sky beast is lightly wounded.
The sky beast hits you.
You die...

##### #...#
######...######
#..).........R#
#.####..[####@#
#.# #...# #Y#
#.# #.).# #.#
#.# ##### #.#
#.# ... #.# ...
#.# ### #.# #.#
######


You could see the friendly Oma the knight and a sky beast (ally target).

Vanquished Creatures
  Maggie (D:6)
  A steam dragon (D:7)
  Edmund (D:4)
  A water moccasin (D:3)
  An ice beast (D:6)
  3 black bears
  3 ogres
  A centaur (D:5)
  2 scorpions
  A howler monkey (D:4)
  3 hounds
  3 quasits (D:4)
  A jelly (D:6)
  A gnoll bouda (D:7)
  2 sleepcaps (D:5)
  Terence (D:3)
  6 iguanas
  4 orc wizards
  Robin (D:3)
  18 gnolls
  6 adders
  6 shadow imps
  4 white imps
  An ufetubus (D:6)
  A worm (D:2)
  2 dart slugs
  17 orcs
  5 endoplasms
  3 giant cockroaches
  19 goblins
  11 hobgoblins
  4 jackals (D:4)
  5 quokkas
  5 ball pythons
  6 bats
  A frilled lizard (D:2)
  6 kobolds
  7 rats
164 creatures vanquished.

Vanquished Creatures (collateral kills)
  An orc warrior (D:7)
  A gnoll bouda (D:7)
  An iguana (D:5)
  A gnoll (D:7)
  A white imp (D:6)
  An ufetubus (D:6)
6 creatures vanquished.

Vanquished Creatures (others)
  2 ancestors
  28 fulminant prisms
30 creatures vanquished.

Grand Total: 200 creatures vanquished

Notes
Turn   | Place    | Note
-------+----------+-------------------------------------------
     0 | D:1      | joshe the Deep Elf Conjurer began the quest for the Orb.
     0 | D:1      | Reached XP level 1. HP: 10/10 MP: 6/6
   406 | D:1      | Reached XP level 2. HP: 15/15 MP: 5/8
   641 | D:1      | Found Ziempat's Distillery.
   648 | D:1      | Bought a potion of curing for 33 gold pieces
   880 | D:1      | Learned a level 2 spell: Searing Ray
  1374 | D:2      | Reached skill level 4 in Spellcasting
  1471 | D:2      | Reached XP level 3. HP: 19/19 MP: 8/10
  1531 | D:2      | Reached skill level 5 in Conjurations
  1803 | D:2      | Found a faded altar of an unknown god.
  2039 | D:2      | Reached XP level 4. HP: 24/24 MP: 9/12
  2044 | D:2      | Learned a level 4 spell: Fulminant Prism
  2049 | D:2      | Learned a level 4 spell: Iskenderun's Mystic Blast
  2055 | D:2      | Reached skill level 5 in Spellcasting
  2384 | D:2      | Reached skill level 1 in Hexes
  2549 | D:2      | Found a blossoming altar of Fedhas.
  2840 | D:3      | Noticed a water moccasin
  2896 | D:3      | Noticed Robin
  3038 | D:1      | Bought a potion of degeneration for 11 gold pieces
  3038 | D:1      | Bought a potion of lignification for 33 gold pieces
  3038 | D:1      | Bought a potion of brilliance for 44 gold pieces
  3195 | D:3      | Identified the +0 trident of Joyful Slaughter {flame,
                  | Dex+3}
  3254 | D:3      | Noticed Terence
  3257 | D:3      | Killed Terence
  3258 | D:3      | Reached XP level 5. HP: 28/28 MP: 9/15
  3312 | D:3      | Found a sparkling altar of Nemelex Xobeh.
  3410 | D:3      | Reached skill level 6 in Spellcasting
  3855 | D:3      | Killed Robin
  3961 | D:3      | Killed a water moccasin
  3962 | D:3      | Reached skill level 5 in Hexes
  3962 | D:3      | Reached skill level 1 in Translocations
  3962 | D:3      | Reached XP level 6. HP: 32/32 MP: 10/17
  4019 | D:3      | You fall into a shaft and drop 3 floors!
  4022 | D:6      | Found a hazy altar of Hepliaklqana.
  4030 | D:6      | Became a worshipper of Hepliaklqana the Forgotten
  4068 | D:6      | Noticed Maggie
  4073 | D:5      | Entered Level 5 of the Dungeon
  4100 | D:5      | Found a staircase to the Ecumenical Temple.
  4326 | D:4      | Reached XP level 7. HP: 30/36 MP: 4/19
  5145 | D:3      | Found a glowing silver altar of Zin.
  5287 | D:1      | Bought a potion of cancellation for 88 gold pieces
  5424 | D:4      | Reached skill level 7 in Spellcasting
  5457 | D:4      | Noticed Edmund
  5468 | D:4      | Killed Edmund
  6215 | D:5      | Reached skill level 8 in Spellcasting
  6215 | D:5      | Reached XP level 8. HP: 41/41 MP: 13/22
  6291 | D:5      | Reached skill level 5 in Dodging
  6774 | D:5      | Reached skill level 1 in Armour
  6817 | D:5      | Reached * piety under Hepliaklqana
  7303 | D:6      | Killed Maggie
  7567 | D:6      | Found a radiant altar of Vehumet.
  7764 | D:6      | Reached XP level 9. HP: 40/40 MP: 17/23
  7782 | D:6      | Reached skill level 9 in Spellcasting
  8097 | D:6      | Upgraded the game from 0.30.0-5-g1a98f26d00 to
                  | 0.30.0-10-gfe55d96785
  8166 | D:7      | Found an opulent altar of Gozag.
  8172 | D:7      | Reached skill level 10 in Spellcasting
  8425 | D:7      | Reached skill level 1 in Evocations
  8538 | D:7      | Reached ** piety under Hepliaklqana
  8539 | D:7      | Remembered your ancestor Oma as a knight
  9041 | D:7      | HP: 2/40 [something (5)]
  9044 | D:7      | Slain by a sky beast

Illustrated notes

Levels and vault maps discovered:
D:1:      dreamdust_arrival_beginning_and_end, layout_basic, serial_shops,
          nicolae_shop_just_a_little_nook
D:2:      layout_basic, basic_altar, ebering_ecumenical_altar_box, minivault_14
D:3:      layout_loops_ring, mainiacjoe_overflow_paths,
          mainiacjoe_overflow_alcove_1, uniq_terence, uniq_robin
D:4:      layout_gridville, serial_demonic, serial_demonic_g, serial_demonic_g,
          serial_demonic_a, serial_demonic_g, grunt_ministairs_13,
          minmay_misc_feat_tower, uniq_edmund
D:5:      layout_cave_pools, temple_statues, chequers_garden,
          nicolae_concentric_dashed_squares_mild, grunt_decor_fettered
D:6:      layout_basic, lemuel_crystal_altar,
          mainiacjoe_overflow_small_starburst, minmay_ogre_servants, uniq_maggie
D:7:      layout_basic, nicolae_wu_jian_glorious_leap,
          chequers_temple_overflow_minitemple, mainiacjoe_overflow_brackets,
          mainiacjoe_overflow_catch_the_wave

Skill      XL: |  1  2  3  4  5  6  7  8  9 |
---------------+----------------------------+-----
Spellcasting   | 4 5 6 8 10 | 10.0
Conjurations   | 5 6 |  6.0
Dodging        | 3 4 5 |  5.4
Hexes          | 1 5 6 8 |  8.3
Translocations | 1 2 3 |  3.0
Invocations    | 3 |  3.5
Armour         | 3 |  3.0
Evocations     | 1 |  1.6
Stealth        | |  2.4

Action                     |  1- 3 |  4- 6 |  7- 9 || total
---------------------------+-------+-------+-------++-------
  Melee: Staff             |       |       |    27 ||    27
   Cast: Magic Dart        |    57 |    62 |   104 ||   223
         Searing Ray       |     4 |    19 |    26 ||    49
         Iskenderun's Myst |       |     3 |     5 ||     8
         Fulminant Prism   |       |     6 |    22 ||    28
 Invoke: Ancestor Life: Kn |       |       |     1 ||     1
  Evoke: Wand              |       |       |     1 ||     1
    Use: Scroll            |       |       |     8 ||     8
 Armour: Robe              |     3 |     3 |       ||     6
         Leather armour    |       |       |    13 ||    13
  Dodge: Dodged            |     1 |     8 |    29 ||    38
